 Dungeon Crawl Stone Soup version 0.20.0-6-gd3061e9 (console) character file.

5874 itsmu the Frost Mage (level 10, -8/66 HPs)
             Began as a Merfolk Ice Elementalist on May 28, 2017.
             Was a High Priest of Okawaru.
             Killed from afar by a fire dragon (33 damage)
             ... with a blast of flame
             ... on level 9 of the Dungeon.
             The game lasted 00:39:00 (14891 turns).

itsmu the Frost Mage (Merfolk Ice Elementalist)    Turns: 14891, Time: 00:39:02

Health: -8/66      AC: 10    Str:  8    XL:     10   Next: 81%
Magic:  18/20      EV: 17    Int: 18    God:    Okawaru [*****.]
Gold:   221        SH:  2    Dex: 18    Spells: 0/22 levels left

rFire    . . .     SeeInvis .   b - +0 rapier (elec)
rCold    . . .     Gourm    .   (no shield)
rNeg     . . .     Faith    .   s - +0 leather armour {MR+}
rPois    +         Spirit   .   F - +0 helmet
rElec    .         Reflect  +   v - +0 cloak {rPois}
rCorr    .         Harm     .   h - +2 pair of gloves
MR       ++...                  f - +1 pair of boots
Stlth    ++........             m - +2 amulet of reflection
Regen    0.3/turn               K - +3 ring of dexterity
MPRegen  0.2/turn               L - ring of protection from magic

@: no status effects
A: change form in water, swift swim, stealthy swim
a: Heroism, Finesse, Renounce Religion


You were on level 9 of the Dungeon.
You worshipped Okawaru.
Okawaru was extremely pleased with you.
You were not hungry.

You visited 1 branch of the dungeon, and saw 9 of its levels.

You collected 221 gold pieces.

Inventory:

Hand Weapons
 a - a +0 spear
   (You found it on level 2 of the Dungeon)
 b - a +0 rapier of electrocution (weapon)
   (You took it off Eustachio on level 7 of the Dungeon)
 e - a +1 whip
   (You found it on level 1 of the Dungeon)
 E - the +6 mace of the Messenger {drain, rPois Dex+7, unknown}
   (You took it off a gnoll on level 6 of the Dungeon)

   A truly terrible weapon, it drains the life of those it strikes.
   It affects your dexterity (+7).
   It protects you from poison.
Missiles
 H - 3 throwing nets
 O - 7 javelins (quivered)
Armour
 f - a +1 pair of boots (worn)
   (You found it on level 1 of the Dungeon)
 h - a +2 pair of gloves (worn)
   (You found it on level 1 of the Dungeon)
 i - a cursed +0 shield
   (You took it off an orc warrior on level 7 of the Dungeon)
 p - a +0 robe
 s - a +0 leather armour of magic resistance (worn)
   (You took it off an orc on level 7 of the Dungeon)
 u - a +2 cloak
   (You found it on level 8 of the Dungeon)
 v - a +0 cloak of poison resistance (worn)
   (Okawaru gifted it to you on level 9 of the Dungeon)
 y - the cursed -5 helmet of Mov Uduofi {rC+ Regen+ Dex-5}
   (You took it off Robin on level 3 of the Dungeon)

   It affects your dexterity (-5).
   It protects you from cold.
   It increases your rate of regeneration.
   It has a curse placed upon it.
 F - a +0 helmet (worn)
   (You found it on level 6 of the Dungeon)
Jewellery
 m - a +2 amulet of reflection (around neck)
   (You found it on level 2 of the Dungeon)
 K - a +3 ring of dexterity (left hand)
   (You found it on level 4 of the Dungeon)
 L - a ring of protection from magic (right hand)
   (You found it on level 4 of the Dungeon)
Wands
 B - a wand of disintegration (0/24)
   (You found it on level 6 of the Dungeon)
 D - a wand of paralysis (3/24)
   (You found it on level 5 of the Dungeon)
 G - a wand of lightning (0/15)
   (You found it on level 9 of the Dungeon)
Scrolls
 o - 2 scrolls of enchant weapon
 w - 2 scrolls of teleportation
 x - a scroll of vulnerability
 A - 2 scrolls of remove curse
 C - 3 scrolls of magic mapping
Potions
 d - 4 potions of curing
 j - a potion of degeneration
 l - 2 potions of cancellation
 n - 3 potions of flight
 q - a potion of ambrosia
 r - 2 potions of agility
 z - a potion of lignification
 M - 2 potions of mutation {!q}
 Q - 2 potions of brilliance
Books
 k - a book of Minor Magic
   (You found it on level 9 of the Dungeon)

   Spells                             Type                      Level
   a - Magic Dart                     Conjuration                  1
   b - Blink                          Translocation                2
   c - Call Imp                       Summoning                    2
   d - Slow                           Hexes                        2
   e - Conjure Flame                  Conjuration/Fire             3
   f - Mephitic Cloud                 Conjuration/Poison/Air       3
 I - a book of Battle
   (You found it on level 5 of the Dungeon)

   Spells                             Type                      Level
   a - Infusion                       Charms                       1
   b - Shroud of Golubria             Charms/Translocation         2
   c - Song of Slaying                Charms                       2
   d - Spectral Weapon                Hexes/Charms                 3
   e - Regeneration                   Charms/Necromancy            3
 J - a book of Power
   (You found it on level 9 of the Dungeon)

   Spells                             Type                      Level
   a - Iskenderun's Battlesphere      Conjuration/Charms           5
   b - Venom Bolt                     Conjuration/Poison           5
   c - Bolt of Magma                  Conjuration/Fire/Earth       5
   d - Iron Shot                      Conjuration/Earth            6
   e - Orb of Destruction             Conjuration                  7
   f - Spellforged Servitor           Conjuration/Summoning        7
 N - a book of the Tempests
   (You found it on level 4 of the Dungeon)

   Spells                             Type                      Level
   a - Static Discharge               Conjuration/Air              3
   b - Lightning Bolt                 Conjuration/Air              5
   c - Ignition                       Fire                         8
   d - Tornado                        Air                          9
   e - Shatter                        Earth                        9
 S - a book of Frost

   Spells                             Type                      Level
   a - Freeze                         Ice                          1
   b - Throw Frost                    Conjuration/Ice              2
   c - Ozocubu's Armour               Charms/Ice                   3
   d - Throw Icicle                   Conjuration/Ice              4
   e - Summon Ice Beast               Ice/Summoning                4
Comestibles
 c - 9 bread rations
 t - 5 royal jellies
 P - a fruit


   Skills:
 - Level 1.4 Fighting
 - Level 7.6 Polearms
 - Level 7.5 Dodging
 - Level 2.1 Stealth
 - Level 1.2 Shields
 - Level 6.8 Spellcasting
 - Level 6.3 Conjurations
 + Level 0.4 Charms
 + Level 3.6 Summonings
 + Level 0.1 Necromancy
 + Level 0.2 Translocations
 - Level 9.4 Ice Magic


You couldn't memorise any spells.
You knew the following spells:

 Your Spells              Type           Power        Failure   Level  Hunger
a - Freeze                Ice            ####         1%          1    None
b - Mephitic Cloud        Conj/Pois/Air  ##......     21%         3    ##.....
c - Throw Icicle          Conj/Ice       ####....     6%          4    ####...
d - Summon Ice Beast      Ice/Summ       ####....     11%         4    ####...
o - Throw Frost           Conj/Ice       ####..       1%          2    None
B - Blink                 Tloc           N/A          22%         2    None
Q - Ozocubu's Armour      Chrm/Ice       ###.....     6%          3    ##.....
R - Regeneration          Chrm/Necr      #.........   38%         3    ##.....


Dungeon Overview and Level Annotations

Branches:
Dungeon (9/15)             Temple (0/1) D:5            Lair (0/6) D:9
    Orc: D:9-12

Altars:
Ashenzari
Cheibriados
Fedhas
Gozag
Hepliaklqana
Makhleb
Nemelex Xobeh
Okawaru
Xom
Yredelemnul
The Shining One

Shops:
D:7 }

Annotations:
D:4 2 runed doors hydra vault, exclusions: door and hydra


Message History

The fire dragon roars deafeningly!
The fire dragon moves out of view.
You see here 19 sling bullets.
Casting: Throw Icicle
Confirm with . or Enter, or press ? or * to list all spells.
Aiming: Throw Frost
Press: ? - help, Shift-Dir - straight line, f - worker ant
Aim: a worker ant (hasn't noticed you)
The puff of frost hits the worker ant.
The worker ant is moderately wounded.
The worker ant twitches its antennae in your direction.
The fire dragon breathes flames at you. The blast of flame hits you!
Ouch! That really hurt!
* * * LOW HITPOINT WARNING * * *
There is an open door here.
The fire dragon breathes flames at you. The blast of flame hits you!
Ouch! That really hurt!
You die...

#..# ####. ##.## ##
#..# # ##.## # ##.##
#..# . #. ######.###
#.. ##......<.#####
# #...
.#.......[x#...#...#
..
...........'(..'...+
.
...........#...#...#
####
...........##D## #
#### ....
...........# ..#
#... # ...........#
..# #... ##
...........# ..#
#... .##
#..........# ###
#### ..##
...........#


You could see a fire dragon.

Vanquished Creatures
  2 two-headed ogres (D:9)
  A hippogriff (D:9)
  Sigmund (D:4)
  The ghost of Medar the Digger, an amateur VSEE (D:4)
  Eustachio (D:7)
  A yak (D:7)
  A human (D:7)
  3 hogs (D:7)
  A hungry ghost (D:7)
  Menkaure (D:7)
  An orc warrior (D:7)
  2 black bears
  2 ice beasts (D:7)
  A sky beast (D:5)
  A necrophage (D:9)
  3 ogres
  A centaur (D:4)
  A phantom (D:7)
  2 big kobolds (D:7)
  5 bullfrogs
  A gnoll sergeant (D:7)
  A wyvern zombie (D:8)
  2 scorpions (D:9)
  5 wights
  2 bullfrog zombies
  A quasit (D:9)
  2 centaur zombies
  3 hounds
  2 centaur skeletons (D:5)
  3 orc priests
  2 jellies
  2 orc wizards
  3 iguanas
  3 worker ants
  2 hound zombies
  2 hound skeletons
  A worker ant zombie (D:6)
  Robin (D:3)
  3 gnolls (D:6)
  15 adders
  2 shadow imps
  5 oozes
  2 adder skeletons (D:5)
  An adder zombie (D:3)
  6 worms
  A dart slug (D:1)
  2 leopard geckos
  13 orcs
  A ball python (D:2)
  5 giant cockroaches
  10 goblins
  13 hobgoblins
  18 jackals
  14 kobolds
  5 quokkas
  A ball python skeleton (D:5)
  6 bats
  3 frilled lizards
  2 jackal skeletons
  A jackal zombie (D:7)
  A leopard gecko skeleton (D:4)
  A quokka zombie (D:5)
  10 rats
211 creatures vanquished.

Vanquished Creatures (others)
  A bat (D:1)
1 creature vanquished.

Grand Total: 212 creatures vanquished

Notes
Turn   | Place    | Note
-------+----------+-------------------------------------------
     0 | D:1      | itsmu the Merfolk Ice Elementalist began the quest for the Orb.
     0 | D:1      | Reached XP level 1. HP: 13/13 MP: 3/3
   322 | D:1      | Reached XP level 2. HP: 15/19 MP: 0/5
   379 | D:1      | Learned a level 2 spell: Throw Frost
   495 | D:1      | Reached skill level 1 in Conjurations
  1290 | D:1      | Found a glowing golden altar of the Shining One.
  1982 | D:2      | Reached XP level 3. HP: 24/24 MP: 1/6
  2426 | D:2      | Found an iron altar of Okawaru.
  2455 | D:2      | Became a worshipper of Warmaster Okawaru
  2636 | D:2      | Reached skill level 4 in Ice Magic
  2991 | D:2      | Reached XP level 4. HP: 30/30 MP: 3/7
  3126 | D:2      | Learned a level 4 spell: Throw Icicle
  3655 | D:3      | Reached skill level 5 in Ice Magic
  3731 | D:3      | Reached XP level 5. HP: 35/35 MP: 6/8
  3789 | D:3      | Noticed Robin
  3937 | D:3      | Killed Robin
  3944 | D:3      | Got a steaming helmet
  4007 | D:3      | Identified the cursed -5 helmet of Mov Uduofi {rC+ Regen+ Dex-5} (You took it off Robin on level 3 of the Dungeon)
  4503 | D:3      | Found a hazy altar of Hepliaklqana.
  4503 | D:3      | Found a shimmering altar of Xom.
  4506 | D:3      | Found a basalt altar of Yredelemnul.
  4506 | D:3      | Found an opulent altar of Gozag.
  4506 | D:3      | Found a snail-covered altar of Cheibriados.
  4534 | D:3      | Found a burning altar of Makhleb.
  4534 | D:3      | Noticed a blizzard demon
  4537 | D:3      | Noticed a hellwing
  4537 | D:3      | Noticed a ynoxinul
  4602 | D:4      | Noticed Sigmund
  4907 | D:4      | Killed Sigmund
  4907 | D:4      | Reached * piety under Okawaru
  4907 | D:4      | Reached XP level 6. HP: 41/41 MP: 0/10
  4991 | D:4      | Learned a level 3 spell: Ozocubu's Armour
  5067 | D:4      | HP: 2/41 [orc priest/divine providence (8)]
  5069 | D:4      | You fall through a shaft for 3 floors!
  5069 | D:7      | Found a blossoming altar of Fedhas.
  5541 | D:6      | Got a twisted mace {drain}
  5714 | D:6      | Reached XP level 7. HP: 44/46 MP: 4/11
  5775 | D:5      | Entered Level 5 of the Dungeon
  5796 | D:6      | Reached skill level 6 in Ice Magic
  6000 | D:5      | Reached ** piety under Okawaru
  6324 | D:5      | Found a staircase to the Ecumenical Temple.
  6337 | D:5      | Found a sparkling altar of Nemelex Xobeh.
  6368 | D:5      | Reached XP level 8. HP: 52/52 MP: 0/13
  6663 | D:5      | Reached skill level 5 in Dodging
  7093 | D:4      | Noticed Medar's ghost (amateur VSEE)
  7328 | D:4      | Killed Medar's ghost
  7514 | D:4      | Found a large runed door.
  7514 | D:4      | Found a large runed door.
  7531 | D:4      | Reached skill level 7 in Ice Magic
  8028 | D:4      | Found a large runed door.
  8028 | D:4      | Found a large runed door.
  8343 | D:4      | Noticed an eight-headed hydra
  8695 | D:6      | Reached *** piety under Okawaru
  8695 | D:6      | Reached skill level 5 in Spellcasting
  8695 | D:6      | Reached XP level 9. HP: 56/57 MP: 5/16
  8845 | D:6      | Reached skill level 5 in Polearms
  9455 | D:7      | Noticed Menkaure
  9503 | D:7      | Killed Menkaure
  9674 | D:7      | Reached skill level 5 in Conjurations
 10021 | D:7      | Reached skill level 8 in Ice Magic
 10043 | D:7      | Found Ujaife Daerch's Gadget Shoppe.
 10204 | D:7      | hmmmmmmmmmmmm.
 10370 | D:7      | Reached **** piety under Okawaru
 10479 | D:7      | Noticed Eustachio
 11522 | D:7      | Reached XP level 10. HP: 44/63 MP: 13/19
 11997 | D:7      | Found a blossoming altar of Fedhas.
 12173 | D:7      | Killed Eustachio
 12231 | D:7      | Found Ujaife Daerch's Gadget Shoppe.
 12606 | D:7      | Reached skill level 9 in Ice Magic
 13659 | D:9      | Found a shattered altar of Ashenzari.
 13711 | D:9      | Found a staircase to the Lair.
 13836 | D:9      | Reached ***** piety under Okawaru
 13911 | D:9      | Noticed a two-headed ogre
 13980 | D:9      | Killed a two-headed ogre
 13980 | D:9      | Reached skill level 1 in Fighting
 13980 | D:9      | Reached skill level 1 in Shields
 14132 | D:9      | Received a gift from Okawaru
 14362 | D:9      | Learned a level 4 spell: Summon Ice Beast
 14433 | D:9      | Noticed a two-headed ogre
 14441 | D:9      | Killed a two-headed ogre
 14528 | D:9      | Learned a level 3 spell: Mephitic Cloud
 14531 | D:9      | Learned a level 2 spell: Blink
 14535 | D:9      | Learned a level 3 spell: Regeneration
 14888 | D:9      | Noticed a fire dragon
 14891 | D:9      | Killed from afar by a fire dragon

Skill      XL: |  1  2  3  4  5  6  7  8  9 10 |
---------------+-------------------------------+-----
Dodging        | 3 4 5 6 7 |  7.5
Conjurations   | 1 2 3 4 5 6 |  6.3
Ice Magic      | 4 5 6 7 8 9 |  9.4
Polearms       | 2 3 4 6 7 |  7.6
Spellcasting   | 3 5 6 |  6.8
Fighting       | 1 |  1.4
Shields        | 1 |  1.2
Summonings     | 3 |  3.6
Stealth        | |  2.1
Charms         | |  0.4
Necromancy     | |  0.1
Translocations | |  0.2

Action                   |  1- 3 |  4- 6 |  7- 9 | 10-12 || total
-------------------------+-------+-------+-------+-------++-------
Melee: Whip              |     3 |       |       |       ||     3
       Spear             |     1 |    62 |   321 |       ||   384
       Rapier            |       |       |       |    38 ||    38
Throw: Throwing net      |       |       |     1 |       ||     1
       Javelin           |       |       |       |     1 ||     1
 Cast: Freeze            |    85 |    87 |   132 |    42 ||   346
       Throw Frost       |       |    21 |    59 |    12 ||    92
       Ozocubu's Armour  |       |     1 |       |     1 ||     2
       Throw Icicle      |       |       |    35 |    17 ||    52
Evoke: Wand              |       |     2 |    13 |     6 ||    21
  Use: Scroll            |     2 |     4 |    11 |    11 ||    28
       Potion            |       |     1 |     3 |     2 ||     6
 Stab: Sleeping          |       |     1 |     4 |     1 ||     6
  Eat: Chunk             |     3 |    10 |    21 |     9 ||    43
       Bread ration      |     1 |       |     1 |       ||     2
       Royal jelly       |       |     1 |     1 |       ||     2
       Fruit             |       |       |     1 |       ||     1
       Meat ration       |       |       |       |     1 ||     1
Armor: Robe              |    17 |    27 |    54 |       ||    98
       Leather armour    |       |       |    39 |    28 ||    67
       Skin              |       |       |       |     5 ||     5
Dodge: Dodged            |    51 |    71 |   258 |    66 ||   446
Block: Other             |       |       |    21 |    10 ||    31
